[Event "Chpt Reg Jeunes Occitanie 2026 - Espalion"]
[Site "Espalion, France"]
[Round "1.6"]
[ECO "?"]
[Annotator "?"]
[TimeControl "1h30 + 30sec/cp"]

1. c4 c5 2.
Nc3 Nc6 3.
e4 g6 4. g3 Bg7 5. Bg2 e6 6. Nge2 Nge7 7. d3 O-O 8. h3 a6 9. O-O b5 10. cxb5 axb5 11.
Nxb5 Ba6 12. Na3 d5 13. Nc2 Qb6 14. Nf4 Rfd8 15. Re1 dxe4 16. Bxe4 c4 17. Qf3 cxd3 18. Nxd3 Bxd3 19. Bxd3 Ne5 20. Rxe5 Bxe5 21. Qe2 Bg7 22.
Rb1 Nd5 23. a3 Nc3 24. bxc3 Qxb1 25. Qf1 Rxd3 26. Qxd3 Qxc1+ 27. Kg2 Qg5 28. Ne3 Qa5 29. c4 Qxa3 30. Qd7 Qa7 31. Qd6 Bd4 32. Ng4 h5 33. c5 Qxc5 34.
Nf6+ Kg7 35. Nxh5+ gxh5 36. Qf4 Qd5+ 37. Kh2 Ra1 0-1

[White "BURET-BOCHAROV, Karel"]
[Black "MORALES, Maxime"]
[WhiteElo "1599"]
[BlackElo "1932"]
[Result "0-1"]
[Date "2026.03.04"]

[Event "Chpt Reg Jeunes Occitanie 2026 - Espalion"]
[Site "Espalion, France"]
[Round "1.7"]
[ECO "?"]
[Annotator "?"]
[TimeControl "1h30 + 30sec/cp"]

1. d4 Nf6 2. c4 e6 3.
Nc3 d5 4.
Bg5 dxc4 5.
e4 b5 6. e5 h6 7. Bxf6 gxf6 8. Qf3 c6 9. Nge2 fxe5 10.
Nxb5 Bb4+ 11. Nec3 exd4 12. O-O-O Bxc3 13. bxc3 Qg5+ 14. Rd2 Qxb5 15. Rxd4 Nd7 16. Bxc4 Qg5+ 17. Kb2 Ne5 18. Qe4 Nxc4+ 19.
Rxc4 Rb8+ 20. Ka1 Qd2 21. Rb1 Rxb1+ 22. Kxb1 Qd5 23. Qh4 Qf5+ 24. Kb2 Bd7 25. Rb4 Qe5 26. f4 Qc7 27. Qf6 Rg8 28. Qxh6 c5 29. Re4 Qb7+ 30. Rb4 cxb4 31. Qh7 Rxg2+ 32.
Kb3 bxc3+ 33. Kxc3 Qb2+ 34. Kc4 Qc2+ 0-1

[White "DUCOS, Antonios"]
[Black "CANO, Ethan"]
[WhiteElo "1890"]
[BlackElo "1598"]
[Result "1-0"]
[Date "2026.03.04"]

[Event "Chpt Reg Jeunes Occitanie 2026 - Espalion"]
[Site "Espalion, France"]
[Round "1.8"]
[ECO "?"]
[Annotator "?"]
[TimeControl "1h30 + 30sec/cp"]

1. d4 b6 2.
Bf4 Bb7 3.
e3 e6 4.
Nf3 Nf6 5.
Nc3 d5 6.
Bd3 Nbd7 7.
Nb5 Rc8 8.
Nxa7 Ra8 9.
Nb5 Rc8 10.
O-O c6 11.
Nd6+ Bxd6 12. Bxd6 Ne4 13. Bf4 Ndf6 14. Ne5 O-O 15. f3 Nd6 16. Bg5 h6 17. Bxf6 Qxf6 18. Nd7 Qe7 19. Nxf8 Qxf8 20. f4 c5 21. c3 Qe8 22. Qg4 Qc6 23.
Rf3 f5 24.
Qg6 Ne4 25. Bxe4 dxe4 26. Rg3 Rc7 27. Rd1 Qd6 28. Qxh6 Bd5 29. Qg6 Qe7 30. a3 Rc6 31. h4 Qf8 32. Qg5 Bb3 33. Rd2 Rd6 34. h5 Kh8 35. Rh3 Qf6 36. Qxf6 gxf6 37.
Kf2 e5 38.
Ke1 cxd4 39. cxd4 Rc6 40. dxe5 fxe5 41. fxe5 Rc1+ 42. Kf2 Bc4 43. g3 Rf1+ 44. Kg2 Rf3 45. Rf2 Rxe3 46. g4 Re1 47. Rh1 Rxh1 48. Kxh1 e3 49. Rc2 Bd5+ 50.
Kh2 f4 51.
b4 Bf3 52.
e6 e2 53.
Rc1 Bxg4 54. e7 Bd7 55. Rc8+ 1-0

[White "PIERRECLOS, Tristan"]
[Black "LAVAL, Nolan"]
[WhiteElo "1591"]
[BlackElo "1876"]
[Result "0-1"]
[Date "2026.03.04"]

[Event "Chpt Reg Jeunes Occitanie 2026 - Espalion"]
[Site "Espalion, France"]
[Round "1.9"]
[ECO "?"]
[Annotator "?"]
[TimeControl "1h30 + 30sec/cp"]

1. e4 c5 2.
Nc3 e6 3.
f4 Nc6 4.
Bb5 Nge7 5.
Bxc6 Nxc6 6. Nf3 Be7 7. d3 O-O 8. b3 d5 9.
Bb2 Re8 10.
Qd2 a6 11.
O-O b5 12.
e5 Bb7 13.
Ne2 Qc7 14. c3 Rac8 15. Rac1 Qa5 16. a3 Red8 17. b4 Qb6 18. d4 cxb4 19. cxb4 a5 20. bxa5 Nxa5 21. Qd3 Nc4 22. Qb3 Ra8 23. Ra1 Ba6 24.
Rfd1 Rdb8 25. Nd2 Nxb2 26. Qxb2 b4 27. Nb1 Bc4 28. Kf2 Qa6 29. Rd2 bxa3 30. Qc2 Qc6 31. Ra2 Ra6 32. Ra1 Rb2 33.
Qc1 Qb6 34. Nbc3 Qb3 35. Ra2 Rb6 36. Raxb2 axb2 37. Qb1 Ba3 38. g3 Bxe2 39. Kxe2 Qxc3 40. Rc2 Qxd4 41. Rc8+ Bf8 0-1

[White "FIORIO, Thomas"]
[Black "SCHVED, Nina"]
[WhiteElo "1822"]
[BlackElo "1565"]
[Result "1-0"]
[Date "2026.03.04"]

[Event "Chpt Reg Jeunes Occitanie 2026 - Espalion"]
[Site "Espalion, France"]
[Round "1.10"]
[ECO "?"]
[Annotator "?"]
[TimeControl "1h30 + 30sec/cp"]

1. e4 e5 2.
Nf3 Nf6 3.
Nxe5 d6 4.
Nf3 Nxe4 5.
d4 d5 6.
Bf4 Nc6 7.
c3 Bg4 8.
Be2 Be7 9.
Nbd2 Nxd2 10. Qxd2 Qd7 11. h3 Bh5 12. Ne5 Nxe5 13. Bxh5 Ng6 14. Bg3 Qe6+ 15. Qe2 Qxe2+ 16. Bxe2 O-O-O 17. Bg4+ Kb8 18. O-O-O Bg5+ 19.
Kc2 Nf4 20. Bf3 h5 21. h4 Bh6 22. Rhe1 Ng6 23. Bxh5 Bf4 24. Bxg6 Bxg3 25. fxg3 fxg6 26. Re7 Rhg8 27. Rde1 Kc8 28. R1e6 Rd6 29. Rxd6 cxd6 30.
Re6 Kc7 31. Rxg6 Kc6 32. h5 1-0

[White "MORALES, Maxime"]
[Black "HUDE, Hugo"]
[WhiteElo "1932"]
[BlackElo "1697"]
[Result "1-0"]
[Date "2026.03.04"]

[Event "Chpt Reg Jeunes Occitanie 2026 - Espalion"]
[Site "Espalion, France"]
[Round "2.6"]
[ECO "?"]
[Annotator "?"]
[TimeControl "1h30 + 30sec/cp"]

1. d4 Nf6 2. c4 c5 3.
d5 b5 4.
cxb5 a6 5.
e3 g6 6.
Nc3 d6 7.
Nf3 Bg7 8.
Bd3 O-O 9.
O-O Nbd7 10. h3 Nb6 11. e4 c4 12. Bc2 Bd7 13. Nd4 axb5 14. Ndxb5 Bxb5 15. Nxb5 Nfd7 16. Nd4 Nc5 17. Nc6 Qc7 18. a4 e6 19. Ra2 exd5 20. exd5 Rfe8 21. Be3 Ne4 22. a5 Nd7 23. Bd4 Ndf6 24. Bxe4 Rxe4 25.
Qf3 g5 26.
g3 Rxd4 27. Nxd4 Rxa5 28. Rxa5 Qxa5 29. Nf5 Nxd5 30. Nxg7 Kxg7 31. Rd1 Nf6 32. Rxd6 Qa1+ 33. Kg2 Qxb2 34. Rc6 Qd4 35.
Qe3 Qd5+ 36. Qf3 Qd4 37. Rc7 h6 38. Rc6 Kg6 39. Rc7 Kg7 40. Qf5 Kg8 41. Qc8+ Kg7 42. Qe6 Qd5+ 43. Qxd5 Nxd5 44. Rxc4 f6 45. Kf3 Kg6 46. Ke4 Ne7 47.
Rc7 Nf5 48. Rd7 Ng7 49. g4 h5 50. Rxg7+ Kxg7 51. gxh5 Kh6 52. Kf5 Kxh5 53. f3 Kh6 54. Kxf6 Kh5 55. Kg7 Kh4 56. Kg6 Kg3 57. Kxg5 1-0

[White "FALCUCCI, Hugo Lou"]
[Black "DUCOS, Antonios"]
[WhiteElo "1674"]
[BlackElo "1890"]
[Result "0-1"]
[Date "2026.03.04"]

[Event "Chpt Reg Jeunes Occitanie 2026 - Espalion"]
[Site "Espalion, France"]
[Round "2.7"]
[ECO "?"]
[Annotator "?"]
[TimeControl "1h30 + 30sec/cp"]

1. e4 c5 2.
Nf3 Nc6 3.
Bb5 g6 4.
O-O Bg7 5.
Re1 d6 6.
c3 Bd7 7.
d4 Nf6 8.
Bg5 O-O 9.
d5 Ne5 10.
Bxd7 Nxf3+ 11. Qxf3 Nxd7 12. a4 Ne5 13. Qe2 c4 14. Na3 Rc8 15. f4 Nd3 16. Rf1 Qb6+ 17. Kh1 Qxb2 18. Qg4 Nf2+ 19. Rxf2 Qxa1+ 0-1

[White "LAVAL, Nolan"]
[Black "MAS, Marin"]
[WhiteElo "1876"]
[BlackElo "1667"]
[Result "1-0"]
[Date "2026.03.04"]

[Event "Chpt Reg Jeunes Occitanie 2026 - Espalion"]
[Site "Espalion, France"]
[Round "2.8"]
[ECO "?"]
[Annotator "?"]
[TimeControl "1h30 + 30sec/cp"]

1. e4 e5 2.
Nf3 Nf6 3.
Nxe5 d6 4.
Nf3 Nxe4 5.
Nc3 Nxc3 6.
dxc3 Be7 7.
Bd3 Nc6 8.
Bf4 Bg4 9.
Qd2 O-O 10.
h3 Bh5 11.
g4 Bg6 12.
O-O-O a6 13. h4 h5 14. Bxg6 fxg6 15. gxh5 gxh5 16. Qd5+ Rf7 17. Ng5 Bxg5 18. hxg5 g6 19. Rxh5 gxh5 20. g6 Qf6 21. gxf7+ Qxf7 22. Rg1+ Kf8 23.
Bh6+ Ke8 24. Rg8+ Ke7 25. Bg5+ 1-0

[White "JASKOWIAK, Leo"]
[Black "FIORIO, Thomas"]
[WhiteElo "1665"]
[BlackElo "1822"]
[Result "0-1"]
[Date "2026.03.04"]

[Event "Chpt Reg Jeunes Occitanie 2026 - Espalion"]
[Site "Espalion, France"]
[Round "2.9"]
[ECO "?"]
[Annotator "?"]
[TimeControl "1h30 + 30sec/cp"]

1. e4 c5 2.
Nc3 Nc6 3.
f4 e6 4.
Bc4 g6 5.
d3 Bg7 6.
Nf3 Nge7 7.
g4 d5 8.
Bb3 d4 9.
Ne2 b6 10.
Ng3 Bb7 11. h4 Na5 12. Ba4+ Bc6 13. Bxc6+ Naxc6 14. h5 Qd7 15. h6 Bf8 16. e5 O-O-O 17. Ne4 Nd5 18. Nfg5 Ne3 19. Bxe3 dxe3 20. Nf6 Qd4 21. Rf1 Qxb2 22.
Qc1 Qc3+ 23. Kd1 Nd4 24. Re1 Nxc2 25. Ke2 Qxd3+ 26. Kf3 Nxe1+ 27. Qxe1 e2+ 28. Kf2 Qd1 29. Nxf7 Bxh6 30. g5 Bg7 31. Nxh8 Bxh8 32.
Qh1 Qxh1 33. Rxh1 Rd1 34. Re1 Rxe1 35. Kxe1 Bxf6 36. exf6 Kd8 37. Kxe2 Ke8 38. Kf3 Kf7 39. Kg4 c4 40. Kf3 b5 41. Ke3 a5 42. Kd4 h5 43. gxh6 Kxf6 44. Kc3 Kf7 0-1

[White "WOJTAS, Lumeann"]
[Black "THIRION RUTYNA, Lena"]
[WhiteElo "1815"]
[BlackElo "1664"]
[Result "1-0"]
[Date "2026.03.04"]

[Event "Chpt Reg Jeunes Occitanie 2026 - Espalion"]
[Site "Espalion, France"]
[Round "2.10"]
[ECO "?"]
[Annotator "?"]
[TimeControl "1h30 + 30sec/cp"]

1. e4 c5 2.
Nf3 d6 3.
Nc3 Nc6 4.
d4 cxd4 5.
Nxd4 Nf6 6.
Bg5 Nd7 7.
Bc4 Nce5 8.
Bb3 g6 9.
f4 Nc6 10.
Ndb5 Nf6 11. Bxf6 exf6 12. Nd5 Qa5+ 13. c3 Be7 14. Nbc7+ Kf8 15. Nxa8 Bd8 16. Bc2 Kg7 17. b4 Qa6 18. Nac7 Bxc7 19. Nxc7 Qc4 20. Qd3 Qxd3 21.
Bxd3 Nd8 22. O-O-O Ne6 23. Nd5 Bd7 24. g4 Bc6 25. f5 Bxd5 26. exd5 Nf4 27. Bc4 Rc8 28. Rd4 Ng2 29. Kd2 Re8 30. Bd3 1-0

[White "VALETY, Adam"]
[Black "MORALES, Maxime"]
[WhiteElo "1776"]
[BlackElo "1932"]
[Result "0-1"]
[Date "2026.03.05"]

[Event "Chpt Reg Jeunes Occitanie 2026 - Espalion"]
[Site "Espalion, France"]
[Round "3.6"]
[ECO "?"]
[Annotator "?"]
[TimeControl "1h30 + 30sec/cp"]

1. d4 Nf6 2. Nf3 e6 3. e3 c5 4.
b3 d5 5.
Bb2 Nc6 6.
Bd3 Bd6 7.
O-O O-O 8.
a3 b6 9.
Ne5 Ne7 10.
Nd2 Bb7 11. Qe2 Rc8 12. c4 Ne4 13. cxd5 Nxd2 14. Qxd2 Bxe5 15. dxe5 Qxd5 16. e4 Qxb3 17. Qc2 Qxc2 18. Bxc2 Rfd8 19. Rfd1 Nc6 20. Rd6 Kf8 21. f3 Ke7 22. Rad1 Na5 23. Ba4 Bc6 24. Bxc6 Nxc6 25. Kf2 Na5 26. Bc1 Nc4 27. Bg5+ f6 28. exf6+ gxf6 29. Bxf6+ Kxf6 30.
Rxd8 Rxd8 31. Rxd8 Nxa3 32. Rd3 Nb5 33. Ke2 Nd4+ 34. Kd2 e5 35. g3 a5 36. Rc3 b5 37. f4 c4 38. Ra3 b4 39. fxe5+ Ke6 40. Ra2 Nb3+ 41. Kc2 Kxe5 42. Kb1 Kxe4 43. g4 Kf4 44.
Rc2 c3 45.
Ra2 Nd2+ 46. Rxd2 cxd2 0-1

[White "DUCOS, Antonios"]
[Black "GERVAIS, Liam"]
[WhiteElo "1890"]
[BlackElo "1758"]
[Result "1/2-1/2"]
[Date "2026.03.05"]

[Event "Chpt Reg Jeunes Occitanie 2026 - Espalion"]
[Site "Espalion, France"]
[Round "3.7"]
[ECO "?"]
[Annotator "?"]
[TimeControl "1h30 + 30sec/cp"]

1. d4 c5 2.
c3 Nf6 3.
Nf3 d5 4.
Bf4 Nc6 5.
e3 Bg4 6.
Nbd2 e6 7.
h3 Bh5 8.
Qb3 Qb6 9.
Qxb6 axb6 10. Bc7 Nd7 11. Bb5 Rc8 12. Bg3 Be7 13. O-O O-O 14. Rfe1 Rfd8 15. Rac1 f6 16. a3 Kf7 17. e4 dxe4 18. Rxe4 f5 19. Ree1 Bf6 20. Bc4 Nf8 21.
Nb3 Bxf3 22. gxf3 cxd4 23. cxd4 Bxd4 24. Nxd4 Nxd4 25. Kg2 Nc6 26. Ba2 g5 27. f4 h6 28. fxg5 hxg5 29. h4 gxh4 30. Bxh4 Rd4 31. Bg3 f4 32. Bh2 Kf6 33.
Re2 e5 34.
f3 Nd7 35.
Bg1 Rd3 36. Rec2 Rh8 37. Bc4 Rd6 38. b4 Ra8 39. Rc3 Rd2+ 40. Kf1 Nd4 41. Bf2 b5 42. Bd5 Rb8 43. Rc7 Nb6 44. Bxb7 Nc4 45. Be4 Ne3+ 46. Bxe3 fxe3 47.
R7c3 Rf2+ 48. Ke1 Re2+ 49. Kf1 Rh8 50. Kg1 Rg8+ 51. Kh1 Rh8+ 52. Kg1 Reh2 53. Kf1 e2+ 54. Ke1 Rh1+ 55. Kf2 R8h2+ 56. Kg3 e1=Q+ 57. Rxe1 Rh3+ 58. Kg2 R3h2+ 59.
Kg3 Rh3+ 1/2-1/2

[White "DESPAUX, Axel"]
[Black "LAVAL, Nolan"]
[WhiteElo "1759"]
[BlackElo "1876"]
[Result "0-1"]
[Date "2026.03.05"]

[Event "Chpt Reg Jeunes Occitanie 2026 - Espalion"]
[Site "Espalion, France"]
[Round "3.8"]
[ECO "?"]
[Annotator "?"]
[TimeControl "1h30 + 30sec/cp"]

1. e4 c5 2.
Nf3 e6 3.
d4 cxd4 4.
Nxd4 Nf6 5.
Nc3 Nc6 6.
Be2 Be7 7.
O-O O-O 8.
Be3 a6 9.
f4 d6 10.
f5 Nxd4 11. Bxd4 Qc7 12. Qd3 e5 13. Be3 b5 14. Bg5 Bb7 15. Bxf6 Bxf6 16. Rac1 Bg5 17. Rcd1 Rfd8 18. a3 Rac8 19. g3 Rd7 20. h4 Bf6 21. Rd2 Qc5+ 22. Kh2 Bd8 23.
Qf3 Ba5 24. f6 g6 25. Qg4 Rdd8 26. h5 Bxc3 27. hxg6 hxg6 28. Rd3 Bxb2 29. Qg5 d5 30. Kg2 d4 31. Rh1 Bxe4+ 0-1

[White "FIORIO, Thomas"]
[Black "BENNANI, Joachim"]
[WhiteElo "1822"]
[BlackElo "1727"]
[Result "1/2-1/2"]
[Date "2026.03.05"]

[Event "Chpt Reg Jeunes Occitanie 2026 - Espalion"]
[Site "Espalion, France"]
[Round "3.9"]
[ECO "?"]
[Annotator "?"]
[TimeControl "1h30 + 30sec/cp"]

1. e4 e6 2.
d4 d5 3.
exd5 exd5 4. Bd3 Bd6 5. Ne2 Nc6 6. c3 h6 7.
h3 Nge7 8.
Qc2 O-O 9.
O-O Kh8 10.
Bf4 Be6 11. Nd2 Ng8 12. Nf3 Nf6 13. Bxd6 Qxd6 14. Ng3 Rfe8 15. Rfe1 Bd7 16. Qd2 Rxe1+ 17. Rxe1 Re8 18. Rxe8+ Nxe8 19. Qe3 Qe6 20.
Qxe6 Bxe6 21. Bb5 Bd7 22. Bxc6 Bxc6 23. Ne5 Nd6 24. Nxc6 1/2-1/2

[White "RHIGHI, Yassine"]
[Black "WOJTAS, Lumeann"]
[WhiteElo "1717"]
[BlackElo "1815"]
[Result "1-0"]
[Date "2026.03.05"]

[Event "Chpt Reg Jeunes Occitanie 2026 - Espalion"]
[Site "Espalion, France"]
[Round "3.10"]
[ECO "?"]
[Annotator "?"]
[TimeControl "1h30 + 30sec/cp"]

1. d4 Nf6 2. Nf3 g6 3. Bf4 Bg7 4. h3 d6 5.
e3 c5 6. c3 cxd4 7.
cxd4 O-O 8.
Qb3 Be6 9.
Qxb7 Qa5+ 10. b4 Bd5 11. Qxb8 Qa4 12. Qb5 Qc2 13. Qd3 Qc1+ 14. Qd1 Qb2 15. Nbd2 Bxa2 16. Qc1 Qxc1+ 17. Rxc1 Nd5 18. Bg5 f6 19. Bh4 Nxb4 20.
Be2 a5 21.
O-O a4 22.
Bc4+ Bxc4 23. Rxc4 Nd3 24. Rc3 Nb2 25. Ra1 e5 26. Ra2 Rfb8 27. Nc4 Nxc4 28. Rxc4 h5 29. g4 Rb1+ 30. Kg2 a3 31. Rc3 Rb2 32. Raxa3 Rxa3 33. Rxa3 g5 34. Bg3 h4 35. Bh2 1-0

[White "MORALES, Maxime"]
[Black "MIMOUNI, Nael"]
[WhiteElo "1932"]
[BlackElo "1782"]
[Result "1-0"]
[Date "2026.03.05"]

[Event "Chpt Reg Jeunes Occitanie 2026 - Espalion"]
[Site "Espalion, France"]
[Round "4.6"]
[ECO "?"]
[Annotator "?"]
[TimeControl "1h30 + 30sec/cp"]

1. d4 Nf6 2. c4 g6 3.
Nc3 Bg7 4.
e4 d6 5.
Be2 O-O 6.
Nf3 e5 7.
O-O Nc6 8.
d5 Ne7 9.
Ne1 Nd7 10.
Be3 f5 11.
f3 f4 12.
Bf2 g5 13.
Rc1 Ng6 14. c5 Nxc5 15. b4 Nd7 16. Nb5 Nf6 17. Nxc7 Bd7 18. Nxa8 Qxa8 19. Nd3 h5 20. Be1 Qd8 21. Nf2 Nh8 22. a4 Nf7 23. b5 Nh6 24. h3 Rf7 25. Qc2 Bf8 26. Bb4 Rg7 27. Rfd1 g4 28. hxg4 hxg4 29.
Kf1 Nh5 30. Ke1 Qh4 31. Bf1 gxf3 32. gxf3 Nf7 33. Rd2 Ng5 34. Qd3 Bh3 35. Rc3 Bxf1 36. Qxf1 Ng3 37. Qg2 Rh7 38. Kd1 Qh5 39.
Kc2 Qg6 40. Kb3 Qf7 41. Ng4 Qg6 42. Nf2 Qf7 43. Rdc2 Kh8 44. Rc8 Rg7 45. Bxd6 Ne6 46. Bxf8 Nxf8 47. Qh3+ Rh7 48. Qe6 Qg7 49.
Qe8 Kg8 50. R2c7 Qxc7 51. Qxf8# 1-0

[White "LAVAL, Nolan"]
[Black "RHIGHI, Yassine"]
[WhiteElo "1876"]
[BlackElo "1717"]
[Result "1-0"]
[Date "2026.03.05"]

[Event "Chpt Reg Jeunes Occitanie 2026 - Espalion"]
[Site "Espalion, France"]
[Round "4.7"]
[ECO "?"]
[Annotator "?"]
[TimeControl "1h30 + 30sec/cp"]

1. e4 c6 2. d4 d5 3. Nc3 e6 4. a3 Nf6 5. e5 Nfd7 6. Nf3 c5 7. Bf4 a6 8. Bd3 Nc6 9. O-O cxd4 10. Ne2 Qb6 11. Qd2 Qc7 12. Nexd4 Ncxe5 13. Nxe5 Nxe5 14. Qe3 Bd6 15. Qg3 f6 16.
Rfe1 Nf3+ 17. Qxf3 Bxf4 18. Nxe6 Bxe6 19. Rxe6+ Kf8 20. g3 Be5 21. Re1 Qf7 22. Qxd5 Re8 23. Rxe8+ Kxe8 24. Qc5 1-0

[White "LABOURET, Emile"]
[Black "DUCOS, Antonios"]
[WhiteElo "1706"]
[BlackElo "1890"]
[Result "1-0"]
[Date "2026.03.05"]

[Event "Chpt Reg Jeunes Occitanie 2026 - Espalion"]
[Site "Espalion, France"]
[Round "4.8"]
[ECO "?"]
[Annotator "?"]
[TimeControl "1h30 + 30sec/cp"]

1. e4 c5 2. Bc4 Nc6 3. d3 g6 4. Nc3 Bg7 5. Be3 d6 6. Nf3 Nf6 7. h3 O-O 8. O-O b6 9. Qd2 Bb7 10. Bg5 Na5 11. Bb3 Nxb3 12.
axb3 Nd7 13. Bh6 Ne5 14. Nxe5 dxe5 15. Rfe1 Qd7 16. Rad1 Rfd8 17. Bxg7 Kxg7 18. Qe3 Bc6 19. g4 Qd4 20. Qg3 f6 21. h4 h6 22. g5 Rh8 23. gxf6+ exf6 24. h5 g5 25. Qf3 Qd7 26. Kh2 Qe6 27.
Ne2 Bd7 28. Rh1 Qg4 29. Qe3 Qxh5+ 30. Kg2 Qg4+ 31. Ng3 Kg6 32. f3 Qf4 33. Qf2 g4 34. fxg4 Qxf2+ 35. Kxf2 Bxg4 36. Rdg1 Kf7 37. Rh4 Rag8 38. Nf1 Be6 39.
Rgh1 Rg6 40. Ne3 Kg7 41. R1h2 Rg5 42. Rh1 Kg6 43. Kf3 Rh7 44. Kf2 Rh8 45. Kf3 h5 46. Kf2 Rh7 47. R1h2 Rh8 48. Rh1 Rh6 49. R1h2 Bg4 50.
Rh1 Kg7 51. R1h2 f5 52. exf5 Bxf5 53. Ke2 Bg4+ 54. Kd2 Be6 55. Ke2 Kf6 56. Rf2+ Ke7 57. Rf1 Rf6 58. Rfh1 Bf7 59. R1h2 Rf4 60. R4h3 Kd6 61.
Rh1 a6 62.
Ra1 a5 63.
Rah1 Ke7 64. R1h2 Rg1 65. Kd2 Rg5 66. Ke2 e4 67. dxe4 Rxe4 68. Kf3 Rd4 69. Re2 Kd6 70. c3 Rd3 71. Ke4 Bg6+ 72. Kf4 Rg4+ 73. Nxg4 Rxh3 74. Nf2 Rh2 75. Ne4+ Bxe4 76. Rxh2 Bg6 77. Rd2+ Kc6 78.
Ke5 Bf7 79. Rd6+ 1-0

[White "IMBERT GARCIA, Elio"]
[Black "FIORIO, Thomas"]
[WhiteElo "1625"]
[BlackElo "1822"]
[Result "1/2-1/2"]
[Date "2026.03.05"]

[Event "Chpt Reg Jeunes Occitanie 2026 - Espalion"]
[Site "Espalion, France"]
[Round "4.9"]
[ECO "?"]
[Annotator "?"]
[TimeControl "1h30 + 30sec/cp"]

1. c4 e5 2.
g3 Nc6 3.
Bg2 g6 4.
Nc3 Bg7 5.
d3 f5 6. e3 Nf6 7. Nge2 d6 8. a3 a5 9. b3 O-O 10. O-O Be6 11.
Bb2 d5 12.
cxd5 Nxd5 13. Nxd5 Bxd5 14. Bxd5+ Qxd5 15. Qc2 Rad8 16. Rfd1 Qe6 17. Qc4 Rf6 18. d4 Qxc4 19. bxc4 exd4 20. c5 Rf7 21. Bxd4 Rfd7 22.
Rab1 b6 23. cxb6 cxb6 24. Rxb6 Nxd4 25. Nxd4 Bxd4 26. Rxd4 Rxd4 27. exd4 Rxd4 28. Rb5 Ra4 29. Rb3 Kg7 30. Kg2 Re4 31.
Rb5 1/2-1/2

[White "GARNIER, Alexis"]
[Black "MOREL, Yael"]
[WhiteElo "1796"]
[BlackElo "1794"]
[Result "1/2-1/2"]
[Date "2026.03.05"]

[Event "Chpt Reg Jeunes Occitanie 2026 - Espalion"]
[Site "Espalion, France"]
[Round "4.10"]
[ECO "?"]
[Annotator "?"]
[TimeControl "1h30 + 30sec/cp"]

1. e4 c5 2.
Nf3 a6 3.
c3 d5 4.
exd5 Qxd5 5. d4 Nf6 6. Be2 e6 7. Be3 cxd4 8. Qxd4 Nc6 9. Qd2 Qxd2+ 10. Nbxd2 Be7 11. O-O Nd5 12. Bg5 Bxg5 13. Nxg5 O-O 14. Nc4 Rd8 15. Bf3 b5 16. Nb6 Nxb6 17. Bxc6 Rb8 18. Rad1 Bd7 19. Bxd7 Rxd7 20.
Rxd7 Nxd7 21. Ne4 f5 22. Rd1 Ne5 23. Nc5 Rb6 24. Rd8+ Kf7 25. Kf1 b4 26. cxb4 Rxb4 27. Rd6 Rxb2 28. Rxe6 Ng4 29. h3 1/2-1/2

[White "LAVAL, Nolan"]
[Black "MORALES, Maxime"]
[WhiteElo "1876"]
[BlackElo "1932"]
[Result "0-1"]
[Date "2026.03.06"]

[Event "Chpt Reg Jeunes Occitanie 2026 - Espalion"]
[Site "Espalion, France"]
[Round "5.6"]
[ECO "?"]
[Annotator "?"]
[TimeControl "1h30 + 30sec/cp"]

1. e4 c5 2.
Nf3 e6 3.
d4 cxd4 4.
Nxd4 a6 5.
c4 Nf6 6.
Nc3 Qc7 7.
Be2 b6 8.
Be3 Bb7 9.
f3 Be7 10.
O-O O-O 11. Rc1 d6 12. Qd2 Nbd7 13. Nb3 Rac8 14. Rfd1 Qb8 15. a4 Nc5 16. Nd4 Bd8 17. b4 Ncd7 18. Nb3 Bc7 19. Bf4 Ne5 20. Kh1 d5 21. Qc2 Nxc4 22. Bxc7 Qxc7 23. Na2 Qe5 24.
Bxc4 Rxc4 25. Qe2 Rxc1 26. Rxc1 dxe4 27. Re1 Qd5 28. Nac1 exf3 29. Qe3 Ng4 30. Qxf3 Qxf3 31. gxf3 Bxf3+ 32. Kg1 Rd8 33. h3 Nf6 34.
Re3 Bd1 35. Rc3 Nd5 36. Rd3 Bxb3 37. Nxb3 Rc8 38. b5 axb5 39. axb5 g6 40. Nd4 Rc3 0-1

[White "LABOURET, Emile"]
[Black "BENNANI, Joachim"]
[WhiteElo "1706"]
[BlackElo "1727"]
[Result "1/2-1/2"]
[Date "2026.03.06"]

[Event "Chpt Reg Jeunes Occitanie 2026 - Espalion"]
[Site "Espalion, France"]
[Round "5.7"]
[ECO "?"]
[Annotator "?"]
[TimeControl "1h30 + 30sec/cp"]

1. e4 e6 2.
d4 d5 3. e5 c5 4. c3 Qb6 5. Nf3 Nc6 6. Bd3 cxd4 7.
cxd4 Bd7 8.
Bc2 Nb4 9.
O-O Nxc2 10. Qxc2 Rc8 11. Nc3 Ne7 12. Rd1 Nc6 13. Be3 Be7 14. Rac1 Na5 15. Nd2 O-O 16. a3 Rc7 17. b4 Nc4 18. Nxc4 Rxc4 19. Qd2 a5 20. Na2 Rfc8 21. bxa5 Qb3 22.
Rb1 Qa4 23. Nc1 Rc2 24. Qe1 Bb5 25. Nd3 Bxa3 26. Ra1 R8c3 27. Nc5 Qc4 28. Bd2 Bxc5 29. Bxc3 Re2 30. Qf1 Qxc3 31. dxc5 Ba6 32. g3 Rxe5 33.
Qg2 Qxc5 34. Rdc1 Bc4 35. a6 bxa6 36. h4 a5 37. Rcb1 g6 38. Qf3 Rf5 39. Qg2 e5 40. g4 Rf4 41. h5 Kg7 42. Re1 Qd4 43. Ra3 Rxg4 44. Rg3 Rxg3 45. Qxg3 e4 46. Qf4 gxh5 47.
Kh2 Kf8 48. Qd6+ Ke8 49. Rg1 Qxf2+ 50. Rg2 1/2-1/2

[White "FIORIO, Thomas"]
[Black "GERVAIS, Liam"]
[WhiteElo "1822"]
[BlackElo "1758"]
[Result "0-1"]
[Date "2026.03.06"]

[Event "Chpt Reg Jeunes Occitanie 2026 - Espalion"]
[Site "Espalion, France"]
[Round "5.8"]
[ECO "?"]
[Annotator "?"]
[TimeControl "1h30 + 30sec/cp"]

1. e4 c5 2.
Nf3 Nc6 3.
d4 cxd4 4.
Nxd4 g6 5.
Be3 Bg7 6.
Nc3 Nf6 7.
f3 O-O 8.
Qd2 d5 9.
Nxc6 bxc6 10. O-O-O Bb7 11. Be2 e5 12. Bc5 Re8 13. Rhe1 Qa5 14. Ba3 d4 15. Nb1 Qc7 16. Bc4 Nd7 17. Qd3 Nb6 18. Nd2 Bh6 19. Kb1 Rab8 20. Nb3 Bc8 21.
Nc5 Nxc4 22. Qxc4 Bf8 23. Na6 Bxa6 24. Qxa6 Rb6 25. Qd3 Reb8 26. Ka1 Bxa3 27. Qxa3 Rxb2 28. Qxb2 Rxb2 29. Kxb2 c5 30. c3 Qa5 31. cxd4 cxd4 32. Rc1 Qd2+ 33. Kb1 Qxg2 34.
Rc7 Qxf3 35. Rxa7 Qd3+ 36. Kc1 Qc3+ 37. Kd1 d3 0-1

[White "DUCOS, Antonios"]
[Black "MARTIN-GOMES, Luis"]
[WhiteElo "1890"]
[BlackElo "1702"]
[Result "0-1"]
[Date "2026.03.06"]

[Event "Chpt Reg Jeunes Occitanie 2026 - Espalion"]
[Site "Espalion, France"]
[Round "5.9"]
[ECO "?"]
[Annotator "?"]
[TimeControl "1h30 + 30sec/cp"]

1. d4 Nf6 2. Bf4 g6 3. Nc3 Bg7 4. e4 d6 5.
Be2 b6 6.
h4 Bb7 7.
f3 h5 8.
Nh3 Nbd7 9.
Ng5 e5 10.
dxe5 Nxe5 11. Qd2 a6 12. O-O-O Qe7 13. Rhe1 O-O-O 14. Qe3 Kb8 15. Rd2 Nh7 16. Nxh7 Rxh7 17. g3 Rhh8 18. Nd5 Qe6 19. Kb1 Rhe8 20. c3 b5 21. Bf1 f5 22. Bg5 Rd7 23.
exf5 Qxf5+ 24. Ka1 Rf8 25. f4 Ng4 26. Qe6 Rdf7 27. Ne7 Qxe6 28. Rxe6 Re8 29. Bd3 Bf6 30. Bxf6 Rxf6 31. Rxf6 Nxf6 32. Re2 Bf3 33. Re3 Be4 34. f5 Bxd3 35. fxg6 Bxg6 36. Re6 Bf7 37. Rxf6 Rxe7 38. Kb1 Be6 39. Kc2 Bg4 40. Kd2 Re2+ 41.
Kc1 Rg2 42. Rf1 Rxg3 43. Rh1 Rh3 44. Rxh3 Bxh3 45. Kd2 Kb7 46. Ke3 Be6 47. a3 Kb6 48. Kf4 Kc5 49. Kg5 Bg4 0-1

[White "ROEKENS, Loic"]
[Black "WOJTAS, Lumeann"]
[WhiteElo "1651"]
[BlackElo "1815"]
[Result "0-1"]
[Date "2026.03.06"]

[Event "Chpt Reg Jeunes Occitanie 2026 - Espalion"]
[Site "Espalion, France"]
[Round "5.10"]
[ECO "?"]
[Annotator "?"]
[TimeControl "1h30 + 30sec/cp"]

1. e4 e5 2.
Nf3 Nf6 3.
Nc3 Nc6 4.
Bb5 Nd4 5.
Ba4 Bc5 6.
d3 Qe7 7.
Bg5 c6 8.
Nxd4 Bxd4 9. Qd2 h6 10. Be3 Bxe3 11. Qxe3 O-O 12. O-O Nh5 13. Bb3 d6 14. Ne2 Be6 15. f4 Nxf4 16. Nxf4 exf4 17. Rxf4 b5 18. c3 a5 19. d4 Bxb3 20. axb3 Qe6 21. Qg3 Kh7 22.
Rg4 g6 23. Rf1 Rad8 24. Rgf4 Kg7 25. h4 h5 26. Rf6 Qxf6 27. Rxf6 Kxf6 28. e5+ Ke6 29. Qg5 dxe5 30.
Qxe5+ Kd7 31. c4 Rde8 32. Qc5 Rb8 33. d5 cxd5 34. Qxd5+ Ke7 35. Qe5+ Kd7 36. Qd5+ Ke7 37. c5 Rfd8 38. Qe5+ Kf8 39. c6 Rbc8 40. Qxb5 Rd6 41. c7 Rd1+ 42. Kf2 Rc1 43.
Qxa5 R8xc7 44. Qe5 R7c5 45. Qd4 R5c2+ 46. Kf3 Rf1+ 47. Kg3 Re1 48. Qb4+ Re7 49. Kf3 Rxb2 50. Qc3 Ree2 51. Qc8+ Kg7 52. Qc3+ Kh7 53.
Qc4 Rf2+ 54. Ke3 Rf5 55. g4 hxg4 56. Qxg4 Rxb3+ 57. Ke2 Rbf3 58. Ke1 Kh6 59. Ke2 R3f4 60. Qg3 Rf2+ 61. Ke1 Rf1+ 62. Ke2 R5f2+ 63.
Qxf2 Rxf2+ 64. Kxf2 Kh5 65.
Kg3 f5 66.
Kh3 f4 0-1

[White "MORALES, Maxime"]
[Black "GERVAIS, Liam"]
[WhiteElo "1932"]
[BlackElo "1758"]
[Result "1/2-1/2"]
[Date "2026.03.06"]